 Dungeon Crawl Stone Soup version 0.24.0-28-g17ded55e90 (webtiles) character file.

Game seed: 2294731532583334293, levelgen mode: deterministic

104 H0rd4k the Magician (level 4, -1/24 HPs)
             Began as a Deep Elf Wizard on Nov 13, 2019.
             Slain by a hound (4 damage)
             ... on level 3 of the Dungeon.
             The game lasted 00:06:41 (2498 turns).

H0rd4k the Magician (Deep Elf Wizard)               Turns: 2498, Time: 00:06:42

Health: -1/24      AC:  2    Str:  4    XL:     4   Next: 52%
Magic:  0/14       EV: 13    Int: 24    God:
Gold:   205        SH:  0    Dex: 13    Spells: 6/15 levels left

rFire    . . .     SeeInvis .   (no weapon)
rCold    . . .     Gourm    +   (no shield)
rNeg     . . .     Faith    .   a - +0 robe
rPois    .         Spirit   .   b - +0 hat
rElec    .         Reflect  .   (no cloak)
rCorr    .         Harm     .   (no gloves)
MR       .....                  (no boots)
Stlth    ++........             l - amulet of the gourmand
HPRegen  0.08/turn              (no ring)
MPRegen  0.14/turn              (no ring)

@: very slightly contaminated
A: no striking features
a: no special abilities


You were on level 3 of the Dungeon.
You were hungry.

You visited 1 branch of the dungeon, and saw 4 of its levels.

You collected 205 gold pieces.

Inventory:

Hand Weapons
 c - a +2 dagger of protection
Missiles
 o - 3 boomerangs (quivered)
Armour
 a - a +0 robe (worn)
 b - a +0 hat (worn)
Jewellery
 l - an amulet of the gourmand (around neck)
Wands
 k - a wand of polymorph (8)
Scrolls
 e - 3 scrolls of identify {unknown}
 f - a scroll of amnesia {unknown}
 g - 2 scrolls of fear {unknown}
 h - 2 scrolls of enchant weapon {unknown}
 i - 2 scrolls of immolation
 j - 2 scrolls of teleportation {unknown}
 m - 4 scrolls of remove curse {unknown}
 p - a scroll of fog {unknown}
Potions
 n - 2 potions of curing
Comestibles
 d - 11 rations


   Skills:
 + Level 3.0 Dodging
 + Level 3.4 Stealth
 + Level 6.0 Spellcasting
 + Level 1.8 Conjurations
   Level 1.1 Summonings
 + Level 1.7 Translocations
 + Level 0.1 Fire Magic


You had 6 spell levels left.
You knew the following spells:

 Your Spells              Type           Power        Failure   Level  Hunger
a - Magic Dart            Conj           ###.         3%          1    None
b - Blink                 Tloc           N/A          6%          2    None
c - Conjure Flame         Conj/Fire      ##......     16%         3    #......
d - Mephitic Cloud        Conj/Pois/Air  ##......     19%         3    #......

Your spell library contained the following spells:

 Spells                   Type           Power        Failure   Level  Hunger
 Call Imp                 Summ           ##......     8%          2    None
 Slow                     Hex            #.......     12%         2    None


Dungeon Overview and Level Annotations

Branches:
Dungeon (4/15)
 Temple: D:4-7

Altars:

Shops:
D:4 }

Annotations:
D:2 exclusion: 2 downstairs
D:3 1 runed translucent door, hofbold's ghost, weakling DEFE


Message History

Confirm with . or Enter, or press ? or * to list all spells.
Aiming: Magic Dart (safe; 3% risk of failure)
Press: ? - help, Shift-Dir - straight line, f/p - hound
Aim: a hound (severely wounded)
The magic dart hits the hound but does no damage.
The hound is severely wounded.
The hound bites you but does no damage.
Evoke which item? (* to show all) (? for menu, Esc to quit)
That's the wrong kind of item! (Use * to select it.) Evoke which item? (* to show all) (? for menu, Esc to quit)
Okay, then.
Evoke which item? (* to show all) (? for menu, Esc to quit)
Okay, then.
Evoke which item? (* to show all) (? for menu, Esc to quit)
Aiming: Polymorph
Press: ? - help, Shift-Dir - straight line, f/p - hound
Aim: a hound (severely wounded, chance to defeat MR: 54%)
The hound resists with significant effort.
The hound barely misses you. The hound bites you.
You die...

##### #...# ############ #...#
###..........####...############
..'..........'.h@...............
###..........####...###.########
#..........# #...# #.#
#...[......# #.>.# #.#
###..........######## #.#
........#..........# #.#
........+..........# #.#
........#..........# #.#
........#..........# #.#


You could see a hound.

Vanquished Creatures
  A bullfrog skeleton (D:3)
  2 adders (D:3)
  A worm (D:3)
  A dart slug (D:1)
  6 orcs
  3 bats
  4 giant cockroaches
  6 goblins
  3 hobgoblins
  2 jackals (D:1)
  7 kobolds
  A quokka (D:3)
  3 ball pythons
  A frilled lizard (D:3)
41 creatures vanquished.

Notes
Turn   | Place    | Note
-------+----------+-------------------------------------------
     0 | D:1      | H0rd4k the Deep Elf Wizard began the quest for the Orb.
     0 | D:1      | Reached XP level 1. HP: 10/10 MP: 7/7
   234 | D:1      | Reached XP level 2. HP: 15/15 MP: 4/9
   287 | D:1      | Reached skill level 5 in Spellcasting
  1013 | D:2      | Reached XP level 3. HP: 19/19 MP: 5/11
  1156 | D:3      | Learned a level 2 spell: Blink
  1160 | D:3      | Learned a level 3 spell: Conjure Flame
  1164 | D:3      | Learned a level 3 spell: Mephitic Cloud
  1597 | D:3      | Reached XP level 4. HP: 12/24 MP: 0/13
  2053 | D:3      | Found a runed translucent door.
  2053 | D:3      | Noticed an ice beast
  2053 | D:3      | Noticed hofbold's ghost (weakling DEFE)
  2185 | D:3      | Reached skill level 6 in Spellcasting
  2449 | D:4      | Found Cuploth's Gadget Boutique.
  2498 | D:3      | Slain by a hound

Levels and vault maps discovered:
D:1:      roderic_dead_forest, layout_basic
D:2:      layout_rooms
D:3:      layout_basic, first_ration, ebering_ghost_inner_flame
D:4:      layout_cave_pools, serial_shops, shop, shop, nicolae_shop_statue_plus,
          shop, shop, nicolae_ru_path_of_blood, uniq_edmund

Skill      XL: |  1  2  3  4 |
---------------+-------------+-----
Spellcasting   | 5 6 |  6.0
Stealth        | 3 |  3.4
Dodging        | 3 |  3.0
Conjurations   | |  1.8
Summonings     | |  1.1
Translocations | |  1.7
Fire Magic     | |  0.1

Action                   |  1- 3 |  4- 6 || total
-------------------------+-------+-------++-------
 Cast: Magic Dart        |    99 |    67 ||   166
       Blink             |     4 |     3 ||     7
       Conjure Flame     |     1 |     4 ||     5
Evoke: Wand              |       |     1 ||     1
  Use: Potion            |     1 |       ||     1
  Eat: Chunk             |     4 |     1 ||     5
Armor: Robe              |     5 |     6 ||    11
Dodge: Dodged            |    29 |    25 ||    54
